 Dungeon Crawl Stone Soup version 0.21-a0-496-g696f58f (webtiles) character file.

623 theanonym the Chiller (level 7, -3/41 HPs)
             Began as a Demonspawn Ice Elementalist on Nov 24, 2017.
             Splashed by a jelly's acid (8 damage)
             ... on level 5 of the Dungeon.
             The game lasted 00:10:45 (4378 turns).

theanonym the Chiller (Demonspawn Ice Elementalist) Turns: 4378, Time: 00:10:46

Health: -3/41      AC:  4    Str: 10    XL:     7   Next: 22%
Magic:  11/12      EV: 12    Int: 19    God:
Gold:   219        SH:  0    Dex: 13    Spells: 3/13 levels left

rFire    . . .     SeeInvis .   z - +2 quarterstaff (chaos)
rCold    + . .     Gourm    .   (shield currently unavailable)
rNeg     . . .     Faith    .   a - +1 robe
rPois    .         Spirit   .   (helmet restricted)
rElec    .         Reflect  .   y - +2 cloak
rCorr    .         Harm     .   (no gloves)
MR       .....                  (no boots)
Stlth    ++........             (no amulet)
HPRegen  0.13/turn              (no ring)
MPRegen  0.13/turn              (no ring)

@: corroded
A: hooves 1, horns 2, iridescent scales 1, clever 1, cold resistance 1, frail 1,
spiny 1, wild magic 1
a: no special abilities


Innate Abilities, Weirdness & Mutations

You have a pair of horns on your head.
You are partially covered in iridescent scales. (AC +2)
Your flesh is cold resistant. (rC+)
You are partially covered in sharp spines.
You have large cloven feet.
Your mind is acute. (Int +2)
You are frail. (-10% HP)
Your spells are a little harder to cast, but a little more powerful.


   Skills:
 - Level 1.7 Dodging
 - Level 1.7 Stealth
 - Level 3.6 Spellcasting
 + Level 4.5 Conjurations
 + Level 5.5 Ice Magic


You had 3 spell levels left.
You knew the following spells:

 Your Spells              Type           Power        Failure   Level  Hunger
a - Freeze                Ice            ####         2%          1    None
b - Throw Frost           Conj/Ice       ####..       4%          2    ##.....
c - Throw Icicle          Conj/Ice       ####....     26%         4    ####...
g - Ozocubu's Armour      Chrm/Ice       ###.....     21%         3    ###....

Skill      XL: |  1  2  3  4  5  6 |
---------------+-------------------+-----
Ice Magic      | 3 4 5 |  5.5
Spellcasting   | 3 |  3.6
Conjurations   | 2 3 4 |  4.5
Dodging        | |  1.7
Stealth        | |  1.7

Action                   |  1- 3 |  4- 6 |  7- 9 || total
-------------------------+-------+-------+-------++-------
Melee: Club              |    13 |       |       ||    13
       Short sword       |    57 |    27 |       ||    84
       Headbutt          |     8 |     3 |       ||    11
       Quarterstaff      |       |    33 |     9 ||    42
       Kick              |       |     1 |     4 ||     5
 Cast: Freeze            |    49 |    39 |     4 ||    92
       Throw Frost       |       |     4 |       ||     4
Evoke: Wand              |       |       |     5 ||     5
  Use: Potion            |       |     8 |     1 ||     9
       Scroll            |       |     5 |       ||     5
 Stab: Sleeping          |     5 |     1 |       ||     6
       Distracted        |       |     1 |       ||     1
  Eat: Chunk             |     4 |     6 |     1 ||    11
Armor: Robe              |    21 |    22 |     5 ||    48
       Skin              |       |    37 |       ||    37
Dodge: Dodged            |    63 |    55 |     7 ||   125

Inventory:

Hand Weapons
 z - a +2 quarterstaff of chaos (weapon)
   (You took it off Crazy Yiuf on level 3 of the Dungeon)
Armour
 a - a +1 robe (worn)
 y - a +2 cloak (worn)
   (You took it off Crazy Yiuf on level 3 of the Dungeon)
Wands
 d - a wand of flame (40)
   (You found it on level 4 of the Dungeon)
Scrolls
 e - 2 scrolls of immolation {unknown}
 h - a scroll of magic mapping {unknown}
 j - 2 scrolls of teleportation {unknown}
 m - 2 scrolls of amnesia {unknown}
 q - a scroll of random uselessness {unknown}
 v - 2 scrolls of remove curse
 x - 2 scrolls of noise {unknown}
Potions
 g - a potion of flight {unknown}
 l - a potion of brilliance
Books
 b - a book of Frost

   Spells                             Type                      Level
   a - Freeze                         Ice                          1
   b - Throw Frost                    Conjuration/Ice              2
   c - Ozocubu's Armour               Charms/Ice                   3
   d - Throw Icicle                   Conjuration/Ice              4
   e - Summon Ice Beast               Ice/Summoning                4
Comestibles
 c - 2 bread rations
 f - a chunk of flesh
 i - 4 fruits
 p - a royal jelly
 u - 3 meat rations

Dungeon Overview and Level Annotations

Branches:
Dungeon (5/15)
 Temple: D:4-7

Altars:
Ashenzari
Qazlal
Yredelemnul

Shops:
D:4 *


You were on level 5 of the Dungeon.
You were not hungry.

You visited 1 branch of the dungeon, and saw 5 of its levels.

You collected 219 gold pieces.


Message History

The puff of flame misses Ijyb.
An orc comes into view.
Aim: Ijyb, wielding a club and wearing a runed scale mail (lightly wounded)
The puff of flame misses Ijyb.
Aim: Ijyb, wielding a club and wearing a runed scale mail (lightly wounded)
You freeze Ijyb. Ijyb hits you but does no damage.
You now have 11/12 mp.
Aim: Ijyb, wielding a club and wearing a runed scale mail (moderately wounded)
You freeze Ijyb.
You now have 10/12 mp.
Aim: Ijyb, wielding a club and wearing a runed scale mail (heavily wounded)
You miscast Freeze.
You are very lightly contaminated with residual magic.
Your hands feel numb with cold.
Ijyb hits you but does no damage.
You now have 9/12 mp.
Aim: Ijyb, wielding a club and wearing a runed scale mail (heavily wounded)
You freeze Ijyb.
You kill Ijyb!
You now have 8/12 mp.
The orc misses you.
Things that are here:
a club; a runed scale mail You barely miss the orc.
The orc is struck by your spines. The orc closely misses you.
You thump the orc! You burn the orc.
You kill the orc!
You butcher the orc corpse.
f - 10 chunks of flesh (gained 1) Some of the chunks of flesh in your inventory have rotted away.
Done exploring.
Done exploring.
Done exploring.
Done exploring.
Done exploring.
Okay, then.
Your magical contamination has completely faded away.
There is a stone staircase leading down here.
Unknown command.
You climb downwards.
There is a stone staircase leading up here.
There is an open door here.
There is an open door here.
Some of the chunks of flesh in your inventory have rotted away.
There is an open door here.
You now have 219 gold pieces (gained 13).
You open the door.
Found a stone staircase leading up.
MP restored: 12 A hound skeleton comes into view.
There is an open door here.
Found a scroll labeled LAGHARODGHI.
The hound skeleton is struck by your spines.
The hound skeleton barely misses you.
You hit the hound skeleton. You burn the hound skeleton.
You kick the hound skeleton.
The hound skeleton bites you but does no damage.
Some of the chunks of flesh in your inventory have rotted away.
You hit the hound skeleton.
You destroy the hound skeleton!
No target in view!
No target in view!
m - 2 scrolls labeled LAGHARODGHI (gained 1)
A jelly comes into view.
The jelly quivers.
You hit the jelly.
The jelly seems to speed up.
Your hands burn!
You kick the jelly. The jelly is struck by your spines.
The jelly hits you but does no damage. The jelly is struck by your spines.
The jelly barely misses you.
You take 2 damage, and have 39/41 hp.
You hit the jelly. The acid corrodes you!
Your hands burn!
You kick the jelly. The jelly is struck by your spines. The jelly hits you.
You are splashed with acid!
The acid burns!
The jelly is struck by your spines. The jelly hits you. The acid corrodes you!
You are splashed with acid!
The acid burns!
* * * LOW HITPOINT WARNING * * *
You take 23 damage, and have 16/41 hp.
MASSIVE DAMAGE!!
You are too injured to fight recklessly!
You are too injured to fight recklessly!
You are too injured to fight recklessly!
You are too injured to fight recklessly!
You hit the jelly but do no damage.
Your hands burn!
* * * LOW HITPOINT WARNING * * *
You kick the jelly. The jelly is struck by your spines.
The jelly barely misses you. The jelly hits you.
* * * LOW HITPOINT WARNING * * *
The acid corrodes you!
You are splashed with acid!
The acid burns!
* * * LOW HITPOINT WARNING * * *
You take 9 damage, and have 7/41 hp.
MASSIVE DAMAGE!!
Aim: a jelly (severely wounded, fast)
You freeze the jelly. The jelly barely misses you.
You now have 11/12 mp.
Okay, then.
Your magical effects are unravelling.
You feel magically purged.
You are no longer corroded.
The jelly is struck by your spines. The jelly barely misses you.
The jelly hits you.
* * * LOW HITPOINT WARNING * * *
The acid corrodes you!
You are splashed with acid!
The acid burns!
You die...

. # .. # .... ..#
####+#..... ...#
........ .. ...#
......# ##.### ...
......+ .#.....###.##
......# +...........#
......# #.....J@....#
......+ #...........#
......##+##..#####.###
..........#.
#.##.####+##
..........#
#.....#....#
..........#
#.....#....+
..........#
#.....#....#
######....#
#....##....#
.....'....#
#....##....#


You could see a jelly.

Notes
Turn   | Place    | Note
-------+----------+-------------------------------------------
     0 | D:1      | theanonym the Demonspawn Ice Elementalist began the quest for the Orb.
     0 | D:1      | Reached XP level 1. HP: 13/13 MP: 3/3
   221 | D:1      | Reached skill level 3 in Ice Magic
   270 | D:1      | Gained mutation: You have a pair of small horns on your head. [demonic ancestry]
   270 | D:1      | Reached XP level 2. HP: 19/19 MP: 3/5
   673 | D:1      | HP: 9/19 [jackal (2)]
   997 | D:1      | Gained mutation: Your flesh is cold resistant. (rC+) [demonic ancestry]
   997 | D:1      | Reached XP level 3. HP: 24/24 MP: 7/7
  1359 | D:2      | Found a basalt altar of Yredelemnul.
  1418 | D:2      | Reached skill level 3 in Spellcasting
  1546 | D:1      | Learned a level 2 spell: Throw Frost
  1550 | D:1      | Learned a level 3 spell: Ozocubu's Armour
  1560 | D:2      | HP: 10/24 [worm (6)]
  1831 | D:2      | Found a stormy altar of Qazlal.
  2177 | D:3      | Gained mutation: You are partially covered in sharp spines. [demonic ancestry]
  2177 | D:3      | Reached XP level 4. HP: 30/30 MP: 8/8
  2544 | D:3      | Found a shattered altar of Ashenzari.
  2633 | D:3      | Reached skill level 2 in Conjurations
  2633 | D:3      | Reached skill level 4 in Ice Magic
  2633 | D:3      | Reached XP level 5. HP: 31/35 MP: 7/10
  2916 | D:3      | Learned a level 4 spell: Throw Icicle
  3071 | D:3      | Found a runed door.
  3176 | D:3      | HP: 17/35 [gnoll/spear (3)]
  3438 | D:3      | Noticed Crazy Yiuf
  3443 | D:3      | Killed Crazy Yiuf
  3604 | D:4      | Noticed Ijyb
  3697 | D:4      | Found Wyn Wodwis's Elemental Accessories.
  3759 | D:4      | Noticed an ogre
  3794 | D:4      | Gained mutation: Your mind is acute. (Int +2) [potion of mutation]
  3794 | D:4      | Gained mutation: Your spells are a little harder to cast, but a little more powerful. [potion of mutation]
  3794 | D:4      | Gained mutation: You are frail. (-10% HP) [potion of mutation]
  3794 | D:4      | Gained mutation: You have large cloven feet. [potion of mutation]
  3801 | D:4      | Killed an ogre
  3801 | D:4      | Reached skill level 3 in Conjurations
  3801 | D:4      | Gained mutation: You have a pair of horns on your head. [demonic ancestry]
  3801 | D:4      | Reached XP level 6. HP: 36/36 MP: 11/11
  3827 | D:5      | Entered Level 5 of the Dungeon
  3993 | D:5      | Noticed a sky beast
  4019 | D:5      | HP: 18/36 [something (3)]
  4022 | D:5      | Killed a sky beast
  4022 | D:5      | Reached skill level 5 in Ice Magic
  4118 | D:4      | Reached skill level 4 in Conjurations
  4118 | D:4      | Gained mutation: You are partially covered in iridescent scales. (AC +2) [demonic ancestry]
  4118 | D:4      | Reached XP level 7. HP: 41/41 MP: 3/12
  4283 | D:4      | Killed Ijyb
  4375 | D:5      | HP: 16/41 [acid (7)]
  4376 | D:5      | HP: 7/41 [acid (5)]
  4378 | D:5      | Splashed by a jelly's acid

Vanquished Creatures
  A sky beast (D:5)
  2 ogres (D:4)
  2 howler monkeys
  Crazy Yiuf (D:3)
  An iguana (D:4)
  Ijyb (D:4)
  A hound skeleton (D:5)
  3 gnolls
  4 adders
  2 oozes
  3 worms
  A dart slug (D:1)
  4 leopard geckos (D:3)
  7 orcs
  8 bats
  5 giant cockroaches
  7 hobgoblins
  11 jackals
  8 kobolds
  3 ball pythons
  5 frilled lizards
  7 goblins
  A quokka skeleton (D:4)
  12 rats
100 creatures vanquished.
